 Dungeon Crawl Stone Soup version 0.26.1-11-gd32895ea62 (webtiles) character file.

Game seed: 10154801632406843212

25556 Kaiern the Destroyer (level 13, -11/80 HPs)
             Began as a Tengu Conjurer on May 30, 2021.
             Was a Priest of Sif Muna.
             Mangled by Urug
             ... wielding a +4 eveningstar
              (21 damage)
             ... on level 4 of the Lair of Beasts on June 2, 2021.
             The game lasted 01:52:45 (22593 turns).

Kaiern the Destroyer (Tengu Conjurer)              Turns: 22593, Time: 01:52:46

Health: -11/80     AC:  9    Str: 10    XL:     13   Next: 20%
Magic:  14/27      EV: 29    Int: 21    God:    Sif Muna [***...]
Gold:   814        SH:  0    Dex: 13    Spells: 7/31 levels left

rFire    + . .     SeeInvis .   q - +0 scimitar
rCold    . . .     Faith    .   (no shield)
rNeg     . . .     Spirit   .   G - +0 leather armour {rPois}
rPois    +         Reflect  .   u - +2 hat {Will+}
rElec    .         Harm     .   B - scarf {repulsion}
rCorr    .         Rampage  .   t - +2 pair of gloves
Will     +....                  (boots unavailable)
Stlth    +++.......             H - amulet of the acrobat (curse)
HPRegen  0.23/turn              y - ring of protection from fire
MPRegen  0.20/turn              (no ring)

@: acrobat, flying quickly and evasively, repel missiles, quick
A: beak, talons 3, able to fly
a: Stop Flying, Renounce Religion, Channel Magic, Forget Spell


You were on level 4 of the Lair of Beasts.
You worshipped Sif Muna.
Sif Muna was most pleased with you.
You visited 3 branches of the dungeon, and saw 16 of its levels.
You also visited: Ossuary.

You collected 853 gold pieces.
You spent 39 gold pieces at shops.

Inventory:

Hand Weapons
 q - a +0 scimitar (weapon)
Missiles
 n - 137 sling bullets
Armour
 t - a +2 pair of gloves (worn)
 u - a +2 hat of willpower (worn)
 B - a scarf of repulsion (worn)
 E - a +1 chain mail of fire resistance
 G - a +0 leather armour of poison resistance (worn)
 K - the cursed +1 ring mail "Orot" {rElec rCorr}
   (You found it on level 1 of the Lair of Beasts)

   It insulates you from electricity.
   It provides partial protection from all sources of acid and corrosion.
   It has a curse placed upon it.
Jewellery
 m - an uncursed amulet of faith
 v - an uncursed amulet of guardian spirit
 y - a ring of protection from fire (left hand)
 H - a cursed amulet of the acrobat (around neck)
Wands
 h - a wand of disintegration (9)
 j - a wand of acid (5)
 x - a wand of paralysis (6)
 D - a wand of iceblast (6)
 L - a wand of random effects (29)
Scrolls
 a - 2 scrolls of fog
 b - 6 scrolls of remove curse
 d - 10 scrolls of identify
 g - 3 scrolls of fear
 i - 6 scrolls of teleportation
 l - 3 scrolls of blinking
 p - 3 scrolls of enchant armour
 r - 5 scrolls of enchant weapon
 s - 4 scrolls of amnesia
 M - a scroll of acquirement {unknown}
Potions
 c - 4 potions of haste
 e - 3 potions of mutation
 f - 2 potions of curing
 k - 4 potions of resistance
 o - a potion of invisibility {unknown}
 w - 2 potions of berserk rage {unknown}
 z - 2 potions of heal wounds
 A - 6 potions of lignification
 C - a potion of flight {unknown}
 F - a potion of magic {unknown}
 I - 2 potions of might {unknown}
Miscellaneous
 J - a phial of floods


   Skills:
 + Level 9.0 Fighting
 + Level 6.7 Armour
 - Level 2.1 Dodging
 - Level 8.0 Stealth
 + Level 9.9 Spellcasting
 - Level 14.0 Conjurations
 - Level 4.0 Hexes
 + Level 6.4 Summonings
 - Level 2.0 Translocations
 + Level 5.3 Invocations


You had 7 spell levels left.
You knew the following spells:

 Your Spells              Type           Power        Failure   Level
a - Magic Dart            Conj           100%         1%          1
b - Searing Ray           Conj           100%         1%          2
c - Dazzling Flash        Conj/Hex       96%          1%          3
d - Fulminant Prism       Conj/Hex       24%          1%          4
e - Iskenderun's Mystic   Conj/Tloc      44%          3%          4
f - Blink                 Tloc           N/A          5%          2
g - Summon Mana Viper     Hex/Summ       32%          26%         5
h - Mephitic Cloud        Conj/Pois/Air  30%          3%          3

Your spell library contained the following spells:

 Spells                   Type           Power        Failure   Level
 Corona                   Hex            30%          1%          1
 Foxfire                  Conj/Fire      100%         1%          1
 Summon Small Mammal      Summ           100%         1%          1
 Call Imp                 Summ           37%          1%          2
 Conjure Flame            Conj/Fire      39%          1%          3
 Slow                     Hex            27%          2%          2
 Apportation              Tloc           36%          3%          1
 Confusing Touch          Hex            27%          4%          3
 Tukima's Dance           Hex            27%          4%          3
 Sticky Flame             Conj/Fire      39%          4%          4
 Ensorcelled Hibernation  Hex/Ice        36%          5%          2
 Animate Skeleton         Necr           20%          9%          1
 Inner Flame              Hex/Fire       18%          11%         3
 Fireball                 Conj/Fire      19%          13%         5
 Invisibility             Hex            27%          94%         6
 Simulacrum               Ice/Necr       5%           100%        6


Dungeon Overview and Level Annotations

Branches:
Dungeon (11/15)            Temple (1/1) D:4            Lair (4/6) D:10
  Swamp (0/4) Lair:3       Spider (0/4) Lair:2          Orc (0/2) D:10
Ossuary (visited)

Altars:
Ashenzari
Cheibriados
Dithmenos
Elyvilon
Fedhas
Gozag
Hepliaklqana
Kikubaaqudgha
Makhleb
Nemelex Xobeh
Okawaru
Qazlal
Ru
Sif Muna
Trog
Uskayaw
Vehumet
Wu Jian
Xom
Yredelemnul
Zin
The Shining One

Shops:
D:5 ?

Annotations:
D:4 Menkaure
Lair:3 Rupert
Lair:4 Urug


Innate Abilities, Weirdness & Mutations

You have a beak for a mouth.
You have claws for feet.
You can fly continuously.


Message History

Aim: Urug, wielding a +4 eveningstar and wearing a +0 chain mail (heavily wounded, 19% to evade)
The searing ray hits Urug.
Urug is heavily wounded. (Press . to maintain the ray.) Urug stares with her one eyeball.
Urug hits you with a +4 eveningstar!!
* * * LOW HITPOINT WARNING * * *
The searing ray hits Urug!!
Urug is severely wounded.
Urug screams, "Bird-brain!"
Urug completely misses you.
The searing ray hits Urug.
Urug is severely wounded.
Urug hits you with a +4 eveningstar.
* * * LOW HITPOINT WARNING * * *
The searing ray hits Urug.
Urug is almost dead.
You finish channeling your searing ray.
Urug hits you with a +4 eveningstar!!
You die...

#....P# #..... ...
###.!.>.###....# .P#
..........#....##P.#.
........#............
.....................
.#.......#P..........
..P.....# #...#
........###..รท#
......(..##..@#
..P....o###..o#
.###.....##...##
##.P.###....#####.
#.#.#............
#.#..............
#.#....#...###P##
#........##.# #
#....##.## .#


You could see Urug.

Vanquished Creatures
  3 hydras
  2 two-headed ogres
  Nergalle (D:11)
  A bog body (Lair:3)
  A black mamba (Lair:3)
  Joseph (D:7)
  2 torpor snails (Lair:3)
  5 cane toads
  A rime drake (Lair:1)
  10 komodo dragons
  2 trolls
  A meliai (shapeshifter) (D:9)
  13 blink frogs
  A shadow (D:10)
  2 wyverns
  A wraith (D:11)
  6 basilisks
  21 yaks
  An acid dragon (D:10)
  6 water moccasins
  4 orc warriors
  An eye of draining (D:9)
  5 ice beasts
  2 sky beasts
  A necrophage (D:8)
  6 ogres
  9 centaurs
  14 wolves
  2 big kobolds (D:9)
  15 bullfrogs
  A gnoll sergeant (D:10)
  4 water moccasin zombies (Ossuary)
  4 scorpions
  5 killer bees (D:9)
  4 jellies
  5 wights (D:10)
  8 howler monkeys
  A vampire bat (D:8)
  A centaur zombie (D:10)
  5 orc priests
  2 centaur skeletons
  10 hounds
  6 orc wizards
  Jessica (D:2)
  3 iguanas
  4 worker ants
  4 big kobold zombies (Ossuary)
  A hound zombie (D:5)
  2 mummies (Ossuary)
  4 howler monkey zombies
  14 gnolls
  A howler monkey skeleton (D:9)
  18 adders
  2 white imps
  3 ufetubi
  An ooze (D:7)
  3 adder zombies (Ossuary)
  3 worms
  3 dart slugs
  7 leopard geckos
  24 orcs
  13 bats
  6 giant cockroaches
  2 gnoll zombies (Ossuary)
  12 goblins
  11 hobgoblins
  9 jackals
  4 quokkas
  4 frilled lizards
  7 hobgoblin zombies (Ossuary)
  24 kobolds
  10 kobold zombies (Ossuary)
  2 orc zombies (Ossuary)
  10 rats
408 creatures vanquished.

Vanquished Creatures (others)
  77 fulminant prisms
  42 fungi
  51 plants
170 creatures vanquished.

Grand Total: 578 creatures vanquished

Notes
Turn   | Place    | Note
-------+----------+-------------------------------------------
     0 | D:1      | Kaiern the Tengu Conjurer began the quest for the Orb.
     0 | D:1      | Reached XP level 1. HP: 10/10 MP: 4/4
   469 | D:1      | Reached XP level 2. HP: 16/16 MP: 4/6
   610 | D:1      | Reached skill level 1 in Fighting
   839 | D:1      | Reached XP level 3. HP: 16/20 MP: 4/7
   895 | D:1      | Learned a level 2 spell: Searing Ray
   899 | D:1      | Learned a level 3 spell: Dazzling Flash
  1403 | D:2      | Reached XP level 4. HP: 25/25 MP: 2/8
  1516 | D:2      | Reached skill level 6 in Conjurations
  1581 | D:2      | Found a bloodstained altar of Trog.
  1586 | D:2      | Found a blossoming altar of Fedhas.
  2048 | D:2      | Gained mutation: You can fly continuously. [Tengu growth]
  2048 | D:2      | Reached XP level 5. HP: 30/30 MP: 6/10
  2233 | D:2      | Noticed Jessica
  2235 | D:2      | Killed Jessica
  2306 | D:2      | Reached skill level 1 in Hexes
  3252 | D:3      | Reached XP level 6. HP: 36/36 MP: 8/11
  3384 | D:3      | Found a burning altar of Makhleb.
  3405 | D:3      | Found a hide-covered altar of Uskayaw.
  3592 | D:3      | Found an iron altar of Okawaru.
  4157 | D:3      | Learned a level 4 spell: Fulminant Prism
  4601 | D:4      | Found a staircase to the Ecumenical Temple.
  4610 | Temple   | Entered the Ecumenical Temple
  4785 | Temple   | Became a worshipper of Sif Muna the Loreminder
  4973 | D:4      | Noticed Menkaure
  5084 | D:4      | Found an ornate altar of the Wu Jian Council.
  5112 | D:5      | Entered Level 5 of the Dungeon
  5357 | D:5      | Found a sand-covered staircase.
  5366 | Ossuary  | Entered an ossuary
  5371 | Ossuary  | Reached XP level 7. HP: 40/40 MP: 9/13
  5607 | Ossuary  | Reached skill level 7 in Conjurations
  5607 | Ossuary  | Reached * piety under Sif Muna
  6191 | D:5      | Reached XP level 8. HP: 40/46 MP: 7/14
  6638 | D:5      | Found Hoarphue's Magic Scroll Shoppe.
  6641 | D:5      | Bought a scroll of teleportation for 39 gold pieces
  7317 | D:6      | Reached skill level 5 in Stealth
  7606 | D:6      | Reached skill level 8 in Conjurations
  7879 | D:6      | Reached skill level 1 in Armour
  7879 | D:6      | Reached XP level 9. HP: 48/52 MP: 8/17
  8190 | D:7      | Reached ** piety under Sif Muna
  8538 | D:7      | Reached skill level 5 in Spellcasting
  8783 | D:7      | Reached skill level 5 in Fighting
  8981 | D:7      | Learned a level 4 spell: Iskenderun's Mystic Blast
  8984 | D:7      | Learned a level 2 spell: Blink
  9073 | D:7      | Noticed Joseph
  9081 | D:7      | Killed Joseph
  9082 | D:7      | Reached skill level 9 in Conjurations
  9398 | D:7      | Noticed a troll
  9413 | D:7      | Killed a troll
 10037 | D:8      | Reached XP level 10. HP: 60/60 MP: 3/19
 10193 | D:8      | Found a sacrificial altar of Ru.
 10474 | D:8      | Found a hazy altar of Hepliaklqana.
 11120 | D:8      | Reached *** piety under Sif Muna
 11253 | D:9      | Reached skill level 10 in Conjurations
 11257 | D:9      | Reached skill level 5 in Armour
 11807 | D:9      | Noticed a two-headed ogre
 11807 | D:9      | Identified the cursed +1 robe of the Other Side {Str-3
                  | Dex+6 Stlth+}
 12076 | D:9      | Noticed a two-headed ogre
 12216 | D:9      | Killed a two-headed ogre
 12217 | D:9      | Reached skill level 1 in Translocations
 12744 | D:10     | Entered Level 10 of the Dungeon
 12771 | D:10     | Found a staircase to the Orcish Mines.
 13271 | D:10     | Found a white marble altar of Elyvilon.
 13420 | D:10     | Reached **** piety under Sif Muna
 13483 | D:10     | Reached XP level 11. HP: 67/67 MP: 14/22
 13660 | D:10     | Reached skill level 11 in Conjurations
 13940 | D:10     | Noticed a two-headed ogre
 13955 | D:10     | Killed a two-headed ogre
 14729 | D:10     | Found a staircase to the Lair.
 14736 | D:10     | Identified Suceum's Tome of Enthralling Ice
 14846 | D:10     | Learned a level 5 spell: Summon Mana Viper
 15371 | D:11     | Noticed Nergalle
 15382 | D:11     | Killed Nergalle
 15383 | D:11     | Reached skill level 12 in Conjurations
 15967 | Lair:1   | Entered Level 1 of the Lair of Beasts
 15972 | Lair:1   | Reached ***** piety under Sif Muna
 16563 | Lair:1   | Reached skill level 1 in Invocations
 16897 | Lair:1   | Got a smoking ring mail
 16898 | Lair:1   | Identified the cursed +1 ring mail "Orot" {rElec rCorr}
                  | (You found it on level 1 of the Lair of Beasts)
 17455 | Lair:1   | Received a gift from Sif Muna
 17456 | Lair:1   | Reached XP level 12. HP: 48/76 MP: 13/25
 17620 | Lair:1   | Reached skill level 1 in Summonings
 18532 | Lair:2   | Noticed a four-headed hydra
 18545 | Lair:2   | Killed a four-headed hydra
 18886 | Lair:2   | Reached skill level 13 in Conjurations
 19204 | Lair:2   | Found a hole to the Spider Nest.
 19818 | Lair:3   | Found a staircase to the Swamp.
 20235 | Lair:3   | Noticed Rupert
 20387 | Lair:3   | Noticed an eight-headed hydra
 20566 | Lair:3   | Reached skill level 5 in Summonings
 20738 | Lair:3   | Learned a level 3 spell: Mephitic Cloud
 21162 | Lair:3   | Killed an eight-headed hydra
 21163 | Lair:3   | Reached XP level 13. HP: 79/80 MP: 14/27
 21339 | Lair:3   | Reached skill level 14 in Conjurations
 21339 | Lair:3   | Reached skill level 5 in Invocations
 22333 | Lair:4   | Noticed Urug
 22593 | Lair:4   | Mangled by Urug

Illustrated notes

Levels and vault maps discovered:
D:1:      shiori_shiawase, layout_basic, st_stairs_1
D:2:      layout_basic, minitemple, uniq_jessica
D:3:      corexii_shack_village, layout_basic, grunt_temple_overflow_open,
          okawaru_metal_pillars_1_2
D:4:      layout_gridville, nzn_wu_jian_council_hall,
          minmay_temple_entry_junction, grunt_decor_fettered, uniq_menkaure
D:5:      layout_cave_pods, enter_ossuary_1, serial_shops, kennysheep_mini,
          grunt_ministairs_12
D:6:      layout_loops_ring, minmay_misc_feat_encased
D:7:      layout_loops_ring, uniq_joseph
D:8:      layout_basic, lemuel_round_altar, nicolae_ru_awakened_eye
D:9:      layout_loops_ring, roderic_batcave
D:10:     layout_roguey, erik_lair_dragon, orc_0_dummy, basic_altar
D:11:     layout_roguey, uniq_nergalle
Temple:   jpeg_temple_clearing
Lair:1:   layout_loops_ring
Lair:2:   layout_layer_cave, dummy_spider_entry
Lair:3:   layout_concentric_octagons, skrybe_swamp_entry_bodies,
          serial_bayou_pond_a, uniq_rupert
Lair:4:   layout_gridlike, special_room [special_room_bee], basic_altar,
          minivault_26, uniq_urug

Skill      XL: |  1  2  3  4  5  6  7  8  9 10 11 12 13 |
---------------+----------------------------------------+-----
Fighting       | 1 2 3 4 5 7 9 |  9.0
Conjurations   | 6 7 8 9 10 12 13 14 | 14.0
Stealth        | 3 4 5 6 7 8 |  8.0
Hexes          | 1 2 3 4 |  4.0
Spellcasting   | 3 4 5 7 8 9 |  9.9
Armour         | 1 4 6 |  6.7
Translocations | 2 |  2.0
Invocations    | 2 4 5 |  5.3
Summonings     | 5 6 |  6.4
Dodging        | |  2.1

Action                   |  1- 3 |  4- 6 |  7- 9 | 10-12 | 13-15 || total
-------------------------+-------+-------+-------+-------+-------++-------
Melee: Rapier            |       |     1 |    29 |       |       ||    30
       Peck              |       |     1 |     4 |    13 |     1 ||    19
       Kick              |       |       |     8 |    13 |     4 ||    25
       Scimitar          |       |       |       |    15 |     6 ||    21
 Cast: Magic Dart        |    58 |   111 |    65 |   142 |     4 ||   380
       Searing Ray       |     3 |    18 |    61 |   134 |    18 ||   234
       Fulminant Prism   |       |       |    10 |    57 |    10 ||    77
       Iskenderun's Myst |       |       |       |     6 |     1 ||     7
 Abil: Fly               |       |     1 |       |       |       ||     1
  Use: Scroll            |       |     3 |    14 |     5 |     1 ||    23
Armor: Robe              |     1 |     8 |    31 |       |       ||    40
       Leather armour    |       |       |       |    61 |     7 ||    68
Dodge: Dodged            |    12 |    22 |    63 |   222 |    24 ||   343
       Repelled          |       |       |       |     5 |     1 ||     6
       Rpst.: Scimitar   |       |       |       |    48 |     3 ||    51
